 Dungeon Crawl Stone Soup version 0.18-a0-824-g47fe746 (webtiles) character file.

84 cluie the Chiller (level 4, 0/32 HPs)
             Began as a Demonspawn Ice Elementalist on Dec 17, 2015.
             Killed by divine providence
             ... invoked by an orc priest
              (12 damage)
             ... on level 3 of the Dungeon.
             The game lasted 00:02:27 (1623 turns).

cluie the Chiller (Demonspawn Ice Elementalist)     Turns: 1623, Time: 00:02:27

Health: 0/32       AC:  2    Str: 11    XL:     4   Next: 24%
Magic:  3/7        EV: 13    Int: 17    God:
Gold:   63         SH:  3    Dex: 18    Spells: 1 memorised, 7 levels left

rFire  . . .     SeeInvis .     f - +2 short sword (venom)
rCold  . . .     Gourm    .     a - +0 robe
rNeg   . . .     Faith    .     (no shield)
rPois  .         Spirit   .     (no helmet)
rElec  .         Dismiss  .     (no cloak)
rCorr  .         Reflect  +     (no gloves)
SustAt .         Harm     .     (no boots)
MR     .....                    p - +3 amulet of reflection
Stlth  ++........               l - +3 ring of strength
                                i - +4 ring of dexterity

@: not resistant to hostile enchantments, unstealthy
A: claws 1, powered by pain 1
a: no special abilities


You were on level 3 of the Dungeon.
You were very hungry.

You visited 1 branch of the dungeon, and saw 3 of its levels.

You collected 63 gold pieces.

Inventory:

Hand Weapons
 f - a +2 short sword of venom (weapon)
 n - a +2 dagger of protection
Armour
 a - a +0 robe (worn)
Jewellery
 i - a +4 ring of dexterity (left claw)
 l - a +3 ring of strength (right claw)
 p - a +3 amulet of reflection (around neck)
Scrolls
 e - 2 scrolls of identify {unknown}
 h - 2 scrolls of remove curse {unknown}
 k - a scroll of amnesia {unknown}
 o - a scroll of magic mapping {unknown}
 r - a scroll of immolation {unknown}
Potions
 d - a potion of haste {unknown}
 j - a potion of agility {unknown}
 m - a potion of brilliance {unknown}
 q - 2 potions of mutation {unknown}
Books
 b - a book of Frost

   Spells                             Type                      Level
   a - Freeze                         Ice                          1
   b - Throw Frost                    Conjuration/Ice              2
   c - Ozocubu's Armour               Charms/Ice                   3
   d - Throw Icicle                   Conjuration/Ice              4
   e - Summon Ice Beast               Ice/Summoning                4
   f - Condensation Shield            Ice                          4
Comestibles
 c - 2 bread rations
 g - a meat ration


   Skills:
 + Level 1.5 Fighting
 + Level 2.4 Dodging
 - Level 1.7 Stealth
 + Level 2.5 Spellcasting
   Level 1.0 Conjurations
 * Level 3.6 Ice Magic


You had 7 spell levels left.
You knew the following spells:

 Your Spells              Type           Power        Failure   Level  Hunger
a - Freeze                Ice            ##..         4%          1    #......


Dungeon Overview and Level Annotations

Branches:
Dungeon (3/15)

Altars:
Pakellas
The Shining One


Innate Abilities, Weirdness & Mutations

You have sharp fingernails.
You sometimes gain a little power by taking damage.


Message History

The orc wizard hits you with a dagger.
Casting: Freeze
Confirm with . or Enter, or press ? or * to list all spells.
Aiming: Freeze
Press: ? - help, Shift-Dir - straight line, f/p - orc wizard
Aim: an orc wizard, wielding a dagger and wearing a robe (severely wounded, poisoned)
You freeze the orc wizard.
You kill the orc wizard!
You have reached level 4!
You feel agile.
Casting: Freeze
Confirm with . or Enter, or press ? or * to list all spells.
Aiming: Freeze
Press: ? - help, Shift-Dir - straight line, f - orc
Aim: an orc, wielding a falchion You freeze the orc.
The orc is heavily wounded.
The orc priest mumbles some strange prayers to Beogh against you.
Something smites you!
You die...

### #.. #.# #.# #.#
#########.#
#..oo.o@..##########
#.#######>..........
###.######## #.####
#....# ###.## #.#
#.# #.# ###


You could see an orc priest and 2 orcs.

Vanquished Creatures
  An orc wizard (D:3)
  2 adders (D:2)
  2 giant geckos (D:1)
  7 bats
  A giant cockroach (D:1)
  7 hobgoblins
  A quokka (D:2)
  3 ball pythons
  4 giant newts
  5 goblins
  2 kobolds
  2 rats
37 creatures vanquished.

Notes
Turn   | Place    | Note
--------------------------------------------------------------
     0 | D:1      | cluie the Demonspawn Ice Elementalist began the quest for the Orb.
     0 | D:1      | Reached XP level 1. HP: 13/13 MP: 3/3
   251 | D:1      | Gained mutation: You have sharp fingernails. [demonic ancestry]
   251 | D:1      | Reached XP level 2. HP: 20/20 MP: 5/5
   287 | D:1      | Reached skill level 3 in Ice Magic
   564 | D:1      | Reached skill level 1 in Fighting
   971 | D:2      | Gained mutation: You sometimes gain a little power by taking damage. [demonic ancestry]
   971 | D:2      | Reached XP level 3. HP: 22/26 MP: 4/6
  1179 | D:2      | Found an oddly glowing altar of Pakellas.
  1423 | D:2      | Found a glowing golden altar of the Shining One.
  1622 | D:3      | Reached XP level 4. HP: 12/32 MP: 4/7
  1623 | D:3      | Killed from afar by an orc priest

Vault maps used:
D:1:      elethiomel_arrival_quiet, serial_bayou_pond_d
D:2:      nicolae_tso_swordbearing_angel, grunt_pakellas_basics
D:3:      kennysheep_generic_room_16

Action                   |  1- 3 |  4- 6 || total
-------------------------+-------+-------++-------
Melee: Short sword       |    52 |       ||    52
       Unarmed           |     2 |       ||     2
       Dagger            |     1 |       ||     1
 Cast: Freeze            |    13 |     2 ||    15
 Stab: Sleeping          |     6 |       ||     6
  Eat: Chunk             |     1 |       ||     1
